 Dungeon Crawl Stone Soup version 0.22-a0-447-gee5f723 (webtiles) character file.

305 incide the Charmwright (level 6, 0/50 HPs)
             Began as a Gnoll Skald on June 3, 2018.
             Was an Initiate of Sif Muna.
             Succumbed to an adder's poison
             ... on level 3 of the Dungeon.
             The game lasted 00:06:57 (2325 turns).

incide the Charmwright (Gnoll Skald)                Turns: 2325, Time: 00:06:58

Health: 0/50       AC:  4    Str: 12 (13) XL:     6   Next: 39%
Magic:  13/14      EV: 10    Int: 17 (18) God:    Sif Muna [......]
Gold:   90         SH:  0    Dex: 13 (14) Spells: 4/15 levels left

rFire    . . .     SeeInvis .   a - +0 hand axe
rCold    . . .     Gourm    .   (no shield)
rNeg     . . .     Faith    .   b - +0 leather armour
rPois    +         Spirit   .   (no helmet)
rElec    .         Reflect  .   t - +0 cloak
rCorr    .         Harm     .   (no gloves)
MR       .....                  (no boots)
Stlth    +.........             (no amulet)
HPRegen  0.16/turn              e - ring of poison resistance
MPRegen  0.14/turn              (no ring)

@: lethally poisoned (0 -> -2), constricted, heavily drained, very slow
A: distributed training, fangs 1, strong nose
a: Renounce Religion


You were on level 3 of the Dungeon.
You worshipped Sif Muna.
Sif Muna was noncommittal.
You were not hungry.

You visited 1 branch of the dungeon, and saw 3 of its levels.

You collected 90 gold pieces.

Inventory:

Hand Weapons
 a - a +0 hand axe (weapon)
 h - a +2 dagger of pain
 l - a +2 whip of draining
 o - a +3 short sword
 q - a +0 vampiric whip
 s - a +2 quarterstaff of chaos
Missiles
 m - 5 javelins (quivered)
 v - 3 steel javelins
 w - 5 tomahawks
Armour
 b - a +0 leather armour (worn)
 t - a +0 cloak (worn)
 u - a +0 buckler
Jewellery
 e - a ring of poison resistance (left hand)
Scrolls
 c - 4 scrolls of remove curse
 f - a scroll of enchant weapon
 i - a scroll of identify
 j - a scroll of amnesia {unknown}
 k - a scroll of noise {unknown}
 n - a scroll of fear {unknown}
 p - a scroll of enchant armour {unknown}
 r - a scroll of teleportation {unknown}
Comestibles
 d - a ration
 x - a chunk of flesh {@w1}


   Skills:
 + Level 4.9(3.4) Fighting
 + Level 1.9(0.5) Short Blades
 + Level 1.9(0.5) Long Blades
 + Level 4.9(3.4) Axes
 + Level 1.9(0.5) Maces & Flails
 + Level 1.9(0.5) Polearms
 + Level 1.9(0.5) Staves
 + Level 1.9(0.5) Slings
 + Level 1.9(0.5) Bows
 + Level 1.9(0.5) Crossbows
 + Level 1.9(0.5) Throwing
 + Level 3.2(1.7) Armour
 + Level 4.9(3.4) Dodging
 + Level 1.9(0.5) Stealth
 + Level 1.9(0.5) Shields
 + Level 1.9(0.5) Unarmed Combat
 + Level 5.3(3.8) Spellcasting
 + Level 1.5(0.1) Conjurations
 + Level 1.5(0.1) Hexes
 + Level 5.6(4.1) Charms
 + Level 1.5(0.1) Summonings
 + Level 1.5(0.1) Necromancy
 + Level 1.5(0.1) Translocations
 + Level 1.5(0.1) Transmutations
 + Level 1.5(0.1) Fire Magic
 + Level 1.5(0.1) Ice Magic
 + Level 1.5(0.1) Air Magic
 + Level 1.5(0.1) Earth Magic
 + Level 1.5(0.1) Poison Magic
 + Level 2.1(0.7) Invocations
 + Level 1.9(0.5) Evocations


You had 4 spell levels left.
You knew the following spells:

 Your Spells              Type           Power        Failure   Level  Hunger
a - Infusion              Chrm           ###.         3%          1    None
b - Song of Slaying       Chrm           ###.....     6%          2    ##.....
c - Shroud of Golubria    Chrm/Tloc      ##........   13%         2    ##.....
d - Regeneration          Chrm/Necr      ##........   26%         3    ###....
e - Spectral Weapon       Hex/Chrm       ##......     26%         3    ###....

Your spell library contained the following spells:

 Spells                   Type           Power        Failure   Level  Hunger


Dungeon Overview and Level Annotations

Branches:
Dungeon (3/15)

Altars:
Elyvilon
Sif Muna

Portals:
Sewer: D:3


Innate Abilities, Weirdness & Mutations

Your experience applies equally to all skills.
You have very sharp teeth.
Your uncanny sense of smell can sniff out nearby items.


Message History

* * * LOW HITPOINT WARNING * * *
The ball python misses you. The adder misses you.
The giant cockroach splashes around in the water.
The ball python bites you.
* * * LOW HITPOINT WARNING * * *
The ball python barely misses you.
You open the door.
The giant cockroach falls off the door.
A rat and a giant cockroach come into view.
The adder bites you.
* * * LOW HITPOINT WARNING * * *
You are lethally poisoned!
The adder poisons you! The giant cockroach barely misses you.
The ball python completely misses you. The ball python grabs you.
The ball python constricts you.
Found a glowing drain.
As you read the scroll labeled AGOYTA PUMEUNIOTISM, it crumbles to dust.
You feel aware of your surroundings.
You sensed 1 altar.
It was a scroll of magic mapping.
You die...

#.########..#
#.# #..#
###.# #...
#.o.# ##.#
#####.#.##
#..
#......!.#
###
#≈≈gos...#
#rSsg≈...#
#≈@Sr≈≈..#
##s##≈≈..#
*≈r≈#≈.≈.#
#≈∩≈#≈.≈.#
#≈≈≈+≈.≈.#
##########


You could see 2 gnolls, an adder, a river rat, 2 orcs, 3 giant cockroaches, a
ball python and 2 rats.

Vanquished Creatures
  Crazy Yiuf (D:2)
  Jessica (D:2)
  Natasha (thrice) (D:2)
  An orc wizard (D:3)
  4 gnolls (D:3)
  5 adders
  An ooze (D:2)
  3 dart slugs
  A leopard gecko (D:1)
  3 orcs (D:3)
  10 bats
  5 giant cockroaches
  6 goblins
  7 hobgoblins
  5 kobolds
  A quokka (D:3)
  3 frilled lizards
  3 rats
63 creatures vanquished.

Notes
Turn   | Place    | Note
-------+----------+-------------------------------------------
     0 | D:1      | incide the Gnoll Skald began the quest for the Orb.
     0 | D:1      | Reached XP level 1. HP: 20/20 MP: 6/6
    68 | D:1      | Reached XP level 2. HP: 18/26 MP: 7/7
    78 | D:1      | Learned a level 2 spell: Song of Slaying
    81 | D:1      | Learned a level 2 spell: Shroud of Golubria
   661 | D:1      | Reached XP level 3. HP: 25/31 MP: 9/9
   805 | D:2      | Reached skill level 5 in Spellcasting
   879 | D:2      | Reached skill level 1 in Invocations
   952 | D:2      | Noticed Jessica
   958 | D:2      | Killed Jessica
   958 | D:2      | Reached skill level 1 in Short Blades
   958 | D:2      | Reached skill level 1 in Long Blades
   958 | D:2      | Reached skill level 1 in Maces & Flails
   958 | D:2      | Reached skill level 1 in Polearms
   958 | D:2      | Reached skill level 1 in Staves
   958 | D:2      | Reached skill level 1 in Slings
   958 | D:2      | Reached skill level 1 in Bows
   958 | D:2      | Reached skill level 1 in Crossbows
   958 | D:2      | Reached skill level 1 in Throwing
   958 | D:2      | Reached skill level 1 in Stealth
   958 | D:2      | Reached skill level 1 in Shields
   958 | D:2      | Reached skill level 1 in Unarmed Combat
   958 | D:2      | Reached skill level 1 in Evocations
   958 | D:2      | Reached XP level 4. HP: 20/38 MP: 8/11
   963 | D:2      | Learned a level 3 spell: Regeneration
   967 | D:2      | Learned a level 3 spell: Spectral Weapon
  1330 | D:2      | Found a white marble altar of Elyvilon.
  1338 | D:2      | Found a deep blue altar of Sif Muna.
  1394 | D:2      | Became a worshipper of Sif Muna the Loreminder
  1450 | D:2      | Found a runed door.
  1543 | D:2      | Noticed Crazy Yiuf
  1549 | D:2      | Killed Crazy Yiuf
  1549 | D:2      | Reached skill level 1 in Conjurations
  1549 | D:2      | Reached skill level 1 in Hexes
  1549 | D:2      | Reached skill level 1 in Summonings
  1549 | D:2      | Reached skill level 1 in Necromancy
  1549 | D:2      | Reached skill level 1 in Translocations
  1549 | D:2      | Reached skill level 1 in Transmutations
  1549 | D:2      | Reached skill level 1 in Fire Magic
  1549 | D:2      | Reached skill level 1 in Ice Magic
  1549 | D:2      | Reached skill level 1 in Air Magic
  1549 | D:2      | Reached skill level 1 in Earth Magic
  1549 | D:2      | Reached skill level 1 in Poison Magic
  1640 | D:2      | Noticed Natasha
  1646 | D:2      | Killed Natasha
  1646 | D:2      | Reached XP level 5. HP: 22/43 MP: 12/12
  1692 | D:2      | Noticed Natasha
  1707 | D:2      | HP: 7/43 [white imp[Natasha] (3)]
  1709 | D:2      | Killed Natasha
  1712 | D:2      | Noticed Natasha
  1736 | D:2      | Killed Natasha
  1736 | D:2      | Reached skill level 3 in Armour
  2013 | D:3      | HP: 7/43 [gnoll/whip of draining (2)]
  2076 | D:3      | Reached XP level 6. HP: 36/50 MP: 8/13
  2124 | D:3      | Reached skill level 2 in Invocations
  2291 | D:3      | HP: 9/50 [gnoll/halberd (15)]
  2292 | D:3      | HP: 3/50 [gnoll/whip (6)]
  2293 | D:3      | HP: 1/50 [gnoll/halberd (3)]
  2322 | D:3      | HP: 4/50 [ball python (1)]
  2324 | D:3      | Found a glowing drain.
  2324 | D:3      | HP: 1/50 [adder (1)]
  2325 | D:3      | Succumbed to an adder's poison

Vault maps used:
D:1:      minmay_arrival_floating_metal
D:2:      lemuel_crystal_altar, led_sif_pool, minmay_door_square,
          roderic_lattice_a, uniq_jessica, uniq_natasha, uniq_crazy_yiuf_cottage
D:3:      nemelex_xobeh_ov_fountains_minmay, portal_sewer_entry_e

Skill      XL: |  1  2  3  4  5  6 |
---------------+-------------------+-----
Spellcasting   | 5 |  5.3
Invocations    | 1 2 |  2.1
Short Blades   | 1 |  1.9
Long Blades    | 1 |  1.9
Maces & Flails | 1 |  1.9
Polearms       | 1 |  1.9
Staves         | 1 |  1.9
Slings         | 1 |  1.9
Bows           | 1 |  1.9
Crossbows      | 1 |  1.9
Throwing       | 1 |  1.9
Stealth        | 1 |  1.9
Shields        | 1 |  1.9
Unarmed Combat | 1 |  1.9
Evocations     | 1 |  1.9
Conjurations   | 1 |  1.5
Hexes          | 1 |  1.5
Summonings     | 1 |  1.5
Necromancy     | 1 |  1.5
Translocations | 1 |  1.5
Transmutations | 1 |  1.5
Fire Magic     | 1 |  1.5
Ice Magic      | 1 |  1.5
Air Magic      | 1 |  1.5
Earth Magic    | 1 |  1.5
Poison Magic   | 1 |  1.5
Armour         | 3 |  3.2
Fighting       | |  4.9
Axes           | |  4.9
Dodging        | |  4.9
Charms         | |  5.6

Action                   |  1- 3 |  4- 6 || total
-------------------------+-------+-------++-------
Melee: Hand axe          |    92 |   189 ||   281
       Bite              |     7 |    21 ||    28
 Cast: Infusion          |     1 |     3 ||     4
       Regeneration      |       |    12 ||    12
       Shroud of Golubri |       |     4 ||     4
       Spectral Weapon   |       |     1 ||     1
       Song of Slaying   |       |     2 ||     2
  Use: Scroll            |     1 |     2 ||     3
       Potion            |       |     5 ||     5
 Stab: Sleeping          |     2 |     1 ||     3
  Eat: Chunk             |       |     7 ||     7
Armor: Leather armour    |    16 |    71 ||    87
       Skin              |       |     8 ||     8
Dodge: Dodged            |    80 |   200 ||   280

Table legend:
 A = Spawn XP
 B = Non-spawn XP
 C = Spawn XP percentage of total XP
 D = Spawn monster count
 E = Non-spawn monster count
 F = Spawn count percentage of total count
 G = Total turns spent on level
                    A         B        C        D         E        F      G
               +---------+---------+-------+---------+---------+-------+---------
         Total |       0 |     436 |   0.0 |       0 |      63 |   0.0 |  2325
               +---------+---------+-------+---------+---------+-------+---------
           D:1 |       0 |      34 |   0.0 |       0 |      16 |   0.0 |   779
           D:2 |       0 |     227 |   0.0 |       0 |      20 |   0.0 |  1084
           D:3 |       0 |     175 |   0.0 |       0 |      27 |   0.0 |   462
               +---------+---------+-------+---------+---------+-------+---------
